 Dungeon Crawl Stone Soup version 0.30-a0-722-g3e6e8c874d (webtiles) character file.

Game seed: 633310798244092940

8 Arximoufas the Trooper (level 2, 24/24 HPs)
             Began as a Demonspawn Fighter on Jan 28, 2023.
             Quit the game on level 1 of the Dungeon.
             The game lasted 00:00:29 (124 turns).

Arximoufas the Trooper (Demonspawn Fighter)          Turns: 124, Time: 00:00:29

Health: 24/24      AC:  6    Str: 16    XL:     2   Next: 0%
Magic:  2/2        EV:  8    Int:  9    God:
Gold:   6          SH:  4    Dex: 12    Spells: 1/1 levels left

rFire   . . .      SeeInvis .    a - +0 war axe
rCold   . . .      Faith    .    c - +0 buckler
rNeg    . . .      Spirit   .    b - +0 scale mail
rPois   .          Reflect  .    (helmet restricted)
rElec   .          Harm     .    (no cloak)
rCorr   .          Rampage  .    (no gloves)
Will    .....                    (no boots) Stlth
                                 (no amulet)
HPRegen 0.24/turn                (no ring)
MPRegen 0.08/turn                (no ring)

@: no status effects
A: horns 1
a: no special abilities


You were on level 1 of the Dungeon.
You visited 1 branch of the dungeon, and saw 1 of its levels.

You collected 6 gold pieces.

Inventory:

Hand Weapons
 a - a +0 war axe (weapon)
Armour
 b - a +0 scale mail (worn)
 c - a +0 buckler (worn)
Potions
 d - a potion of might
 e - a potion of curing {unknown}


   Skills:
 + Level 3.1 Fighting
 * Level 2.1 Axes
 - Level 2.6 Armour
 + Level 2.8 Shields


You had one spell level left.
You didn't know any spells.
Your spell library was empty.

Dungeon Overview and Level Annotations

Branches:
Dungeon (1/15)

Altars:


Innate Abilities, Weirdness & Mutations

You have a pair of small horns on your head.


Message History

You kill the quokka!
You see here a quokka corpse.
You barely miss the frilled lizard. The frilled lizard closely misses you.
The frilled lizard barely misses you.
You miss the frilled lizard. The frilled lizard closely misses you.
You barely miss the frilled lizard.
The frilled lizard bites you but does no damage.
The frilled lizard barely misses you.
You closely miss the frilled lizard. You block the frilled lizard's attack.
You slash the frilled lizard!
You kill the frilled lizard!
No target in view!
Found a stone staircase leading down.
A quokka comes into view.
The quokka bites you.
You closely miss the quokka.
The quokka bites you but does no damage.
You slash the quokka!
You kill the quokka!
No target in view!
No target in view!
You see here a quokka corpse.
A rat comes into view.
A bat comes into view.
The rat barely misses you. You block the bat's attack.
You barely miss the bat. You closely miss the rat. The bat barely misses you.
You block the rat's attack. The bat hits you but does no damage.
The rat bites you but does no damage.
You closely miss the bat. You barely miss the rat.
The bat barely misses you. x2
The bat completely misses you. The rat barely misses you.
You closely miss the bat. You barely miss the rat.
The bat hits you but does no damage. x3; You block the rat's attack.
The rat bites you but does no damage.
You slash the rat!
You kill the rat!
The bat barely misses you.
You have reached level 2!
Your demonic ancestry asserts itself...
A pair of horns grows on your head!
Are you sure you want to abandon this character and quit the game? (Confirm with "yes".)

###.#..#....#
#.†...#.#..#
#..##.#.#..#
........#.#..#
#.......###.#†.#
#........ ..#..#
#........####..#
#........#.....#
.........#...@.#
.... #b....#
.........#
#..###...# #..
..... ## #..#.##
#.. .# #.. .#


You could see a bat.

Vanquished Creatures
  A ball python (D:1)
  A kobold (D:1)
  2 quokkas (D:1)
  A bat (D:1)
  A frilled lizard (D:1)
  2 rats (D:1)
8 creatures vanquished.

Notes
Turn   | Place    | Note
-------+----------+-------------------------------------------
     0 | D:1      | Arximoufas the Demonspawn Fighter began the quest for the
                  | Orb.
     0 | D:1      | Reached XP level 1. HP: 18/18 MP: 1/1
   124 | D:1      | Gained mutation: You have a pair of small horns on your
                  | head. [demonic ancestry]
   124 | D:1      | Reached XP level 2. HP: 24/24 MP: 2/2
   124 | D:1      | Quit the game

Illustrated notes

Levels and vault maps discovered:
D:1:      dpeg_arrival_ratfight, layout_basic

Skill      XL: |  1 |
---------------+----+-----
Axes           | 2 |  2.1
Fighting       | |  3.1
Armour         | |  2.6
Shields        | |  2.8

Action                     || total
---------------------------++-------
  Melee: War axe           ||    20
 Armour: Scale mail        ||    16
  Dodge: Dodged            ||    17
  Block: Buckler           ||     8

Table legend: (Time is in decaauts)
 A = Elapsed time spent in this place.
 B = Non-inter-level travel time spent in this place.
 C = Inter-level travel time spent in this place.
 D = Time resting spent in this place.
 E = Time spent auto-exploring this place.
 F = Levels seen in this place.
 G = Mean time per level.
                   A        B        C        D        E       F      G
               +--------+--------+--------+--------+--------+-----+--------+
         Total |    132 |    132 |      0 |      0 |     83 |   1 |  132.0 |
       Dungeon |    132 |    132 |      0 |      0 |     83 |   1 |  132.0 |
               +--------+--------+--------+--------+--------+-----+--------+

Top non-repeatable levels by time:
     D:1: 132 daAuts
